 Dungeon Crawl Stone Soup version 0.27-a0-1140-g099f9bb0e8 (webtiles) character file.

Game seed: 17222328411972347297

28 CurlyBrace the Chiller (level 2, -2/12 HPs)
             Began as a Felid Ice Elementalist on May 10, 2021.
             Slain by a phantom (6 damage)
             ... on level 6 of the Dungeon.
             The game lasted 00:13:34 (817 turns).

CurlyBrace the Chiller (Felid Ice Elementalist)      Turns: 817, Time: 00:13:35

Health: -2/12      AC:  1    Str:  4    XL:     2   Next: 96%
Magic:  12/15      EV: 17    Int: 16    God:
Gold:   122        SH:  0    Dex: 16    Spells: 3/5 levels left
                                        Lives:  0   Deaths: 0

rFire    . . .     SeeInvis +     - Unarmed
rCold    . . .     Faith    .   (shield unavailable)
rNeg     . . .     Spirit   .   (armour unavailable)
rPois    .         Reflect  .   (helmet unavailable)
rElec    .         Harm     .   (cloak unavailable)
rCorr    .         Rampage  .   (gloves unavailable)
Will     .....                  (boots unavailable)
Stlth    ++........             (no amulet)
HPRegen  0.04/turn              b - ring of magical power
MPRegen  0.14/turn              (no ring)

@: quick
A: very small, claws 1, fangs 3, see invisible, speed 1, shaggy fur 1, stealthy
paws, no weapons or thrown items, no armour, multi-lived
a: no special abilities


You were on level 6 of the Dungeon.
You visited 1 branch of the dungeon, and saw 6 of its levels.

You collected 122 gold pieces.

Inventory:

Jewellery
 b - a ring of magical power (left paw)
   (You found it on level 3 of the Dungeon)
Wands
 v - a wand of digging (5)
   (You found it on level 6 of the Dungeon)


   Skills:
 * Level 1.5 Fighting
 - Level 3.0 Dodging
 - Level 3.0 Stealth
 * Level 1.4 Unarmed Combat
 - Level 2.0 Spellcasting
 + Level 0.3 Translocations
 - Level 3.6 Ice Magic


You had 3 spell levels left.
You knew the following spells:

 Your Spells              Type           Power      Damage    Failure   Level
a - Freeze                Ice            52%        1d7       4%          1
b - Apportation           Tloc           4%         N/A       19%         1

Your spell library contained the following spells:

 Spells                   Type           Power      Damage    Failure   Level
 Frozen Ramparts          Ice            26%        1d4       14%         3
 Ozocubu's Armour         Ice            13%        N/A       14%         3
 Animate Skeleton         Necr           2%         N/A       21%         1
 Corona                   Hex            1%         N/A       21%         1
 Summon Small Mammal      Summ           4%         N/A       21%         1
 Hailstorm                Conj/Ice       7%         3d4       69%         4
 Metabolic Englaciation   Hex/Ice        3%         N/A       95%         5


Dungeon Overview and Level Annotations

Branches:
Dungeon (6/15)
 Temple: D:4-7

Altars:

Portals:
Sewer: D:6

Annotations:
D:4 Edmund


Innate Abilities, Weirdness & Mutations

You have sharp claws.
You have razor-sharp teeth.
You have supernaturally acute eyesight. (SInv)
You cover ground quickly. (Speed+)
You are covered in fur. (AC +1)
Your paws help you pounce on unaware monsters.
You are incapable of wielding weapons or throwing items.
You cannot wear armour.
You gain extra lives every three experience levels.


Message History

Press: ? - help, Shift-Dir - straight line, f - quokka
Aim: a quokka (moderately wounded)
You freeze the quokka.
You kill the quokka!
The quokka misses you.
Casting: Freeze (safe; 4% risk of failure)
Confirm with . or Enter, or press ? or * to list all spells.
Aiming: Freeze (safe; 4% risk of failure)
Press: ? - help, Shift-Dir - straight line, f - quokka
Aim: a quokka You freeze the quokka.
The quokka is severely wounded.
The quokka completely misses you.
Casting: Freeze (safe; 4% risk of failure)
Confirm with . or Enter, or press ? or * to list all spells.
Aiming: Freeze (safe; 4% risk of failure)
Press: ? - help, Shift-Dir - straight line, f/p - quokka
Aim: a quokka (severely wounded)
You freeze the quokka.
The quokka is almost dead.
The quokka bites you.
Casting: Freeze (safe; 4% risk of failure)
Confirm with . or Enter, or press ? or * to list all spells.
Aiming: Freeze (safe; 4% risk of failure)
Press: ? - help, Shift-Dir - straight line, f/p - quokka
Aim: a quokka (almost dead)
You freeze the quokka.
You kill the quokka!
A giant cockroach comes into view.
Found 20 arrows.
Things that are here:
a quokka corpse; a quokka corpse You enter the shallow water.
Moving in this stuff is going to be slow.
A quokka and a giant cockroach come into view.
The phantom hits you.
There is a glowing drain here.
The phantom hits you.
Ouch! That really hurt!
You die...

#.#..# #W##.## #(##..###
#B###.≈≈#######* #.#
#≈≈≈≈≈..≈..** #.#
##.≈≈≈≈≈≈≈≈.# #.#
##.######(.# #.#
#B≈≈≈≈≈≈..# #B#
##.≈W@BrBB#* #.#
#..≈≈≈≈≈≈## #.#
#..#.####### #.#
#≈.≈≈≈≈≈≈.≈## #.#
##≈≈..≈≈≈≈≈.# #.#
####.####≈.#
#.######..##,*##.##########
#....BB...#*,* #...........
########.##*,* ####.######*


You could see a phantom, a quokka and 4 giant cockroaches.

Vanquished Creatures
  An adder (D:3)
  A dart slug (D:3)
  2 orcs
  A bat (D:1)
  2 endoplasms (D:1)
  2 hobgoblins
  2 quokkas (D:6)
  2 kobolds (D:3)
  A rat (D:1)
14 creatures vanquished.

Notes
Turn   | Place    | Note
-------+----------+-------------------------------------------
     0 | D:1      | CurlyBrace the Felid Ice Elementalist began the quest for
                  | the Orb.
     0 | D:1      | Reached XP level 1. HP: 7/7 MP: 4/4
   200 | D:3      | Reached XP level 2. HP: 11/12 MP: 5/6
   241 | D:5      | Entered Level 5 of the Dungeon
   465 | D:3      | Reached skill level 1 in Fighting
   465 | D:3      | Reached skill level 1 in Unarmed Combat
   610 | D:4      | Noticed Edmund
   650 | D:4      | Learned a level 1 spell: Apportation
   714 | D:6      | Noticed a phantom
   806 | D:6      | Found a glowing drain.
   817 | D:6      | Slain by a phantom

Illustrated notes

Levels and vault maps discovered:
D:1:      erik_arrival_cave_to_civilisation [erik_arrival_cave_to_hall],
          layout_basic, minivault_14, glass_columns_c, bh_walls_and_bars
D:2:      layout_loops_ring, serial_shops, shop, grunt_decor_arrowhead
D:3:      layout_loops_cross
D:4:      minmay_spotlight, layout_basic, minmay_temple_entry_enclosed_plants,
          nicolae_underground_beach, uniq_edmund
D:5:      layout_basic
D:6:      layout_loops_ring, gup_sewer_entry_pipe, kennysheep_cross_room,
          uniq_grinder, uniq_sigmund

Skill      XL: |  1  2 |
---------------+-------+-----
Dodging        | 3 |  3.0
Fighting       | 1 |  1.5
Stealth        | 3 |  3.0
Unarmed Combat | 1 |  1.4
Spellcasting   | |  2.0
Translocations | |  0.3
Ice Magic      | |  3.6

Action                   || total
-------------------------++-------
Melee: Unarmed           ||    19
 Cast: Freeze            ||    13
Evoke: Wand              ||     2
  Use: Scroll            ||     3
       Potion            ||     2
 Stab: Sleeping          ||     3
Armor: Skin              ||     1
Dodge: Dodged            ||    24

Table legend: (Time is in decaauts)
 A = Elapsed time spent in this place.
 B = Non-inter-level travel time spent in this place.
 C = Inter-level travel time spent in this place.
 D = Time resting spent in this place.
 E = Time spent auto-exploring this place.
 F = Levels seen in this place.
 G = Mean time per level.
                   A        B        C        D        E       F      G
               +--------+--------+--------+--------+--------+-----+--------+
         Total |    676 |    668 |      8 |      0 |      0 |   6 |  112.7 |
       Dungeon |    676 |    668 |      8 |      0 |      0 |   6 |  112.7 |
               +--------+--------+--------+--------+--------+-----+--------+

Top non-repeatable levels by time:
     D:4: 266 daAuts
     D:3: 179 daAuts
     D:6: 93 daAuts
     D:5: 67 daAuts
     D:1: 60 daAuts
     D:2: 9 daAuts
